 Dungeon Crawl Stone Soup version 0.19.0-9-gfd783f2 (webtiles) character file.

114559 Ponchio the Eclecticist (level 16, -8/90 HPs)
             Began as a Deep Elf Fire Elementalist on Nov 5, 2016.
             Was the Champion of Vehumet.
             Mangled by a redback (19 damage)
             ... on level 3 of the Spider Nest on Nov 7, 2016.
             The game lasted 06:37:46 (38183 turns).

Ponchio the Eclecticist (DEFE)                     Turns: 38183, Time: 06:37:47

Health: -8/90      AC:  8    Str:  5    XL:     16   Next: 16%
Magic:  23/39      EV: 24    Int: 28    God:    Vehumet [******]
Gold:   557        SH:  0    Dex: 15    Spells: 9 memorised, 17 levels left

rFire  + . .     SeeInvis +     R - +1 whip (elec)
rCold  . . .     Gourm    .     O - +1 robe {rF+}
rNeg   . . .     Faith    .     (no shield)
rPois  .         Spirit   .     b - +2 hat {MR+}
rElec  .         Reflect  .     (no cloak)
rCorr  .         Harm     +     a - +1 pair of gloves of the Sun {Stlth+}
MR     ++...                    E - +0 pair of boots {run}
Stlth  +++.......               I - amulet of harm
                                i - ring of see invisible
                                f - +4 ring of evasion

@: lethally poisoned (-8 -> -124), deflect missiles, quick
A: no striking features
a: Renounce Religion


You were on level 3 of the Spider Nest.
You worshipped Vehumet.
Vehumet was exalted by your worship.
You were hungry.

You visited 6 branches of the dungeon, and saw 28 of its levels.

You collected 2622 gold pieces.
You spent 2065 gold pieces at shops.

Inventory:

Hand Weapons
 R - a +1 whip of electrocution (weapon)
Armour
 a - the +1 pair of gloves of the Sun (worn) {Stlth+}
   (You found it on level 12 of the Dungeon)

   It makes you more stealthy.
 b - a +2 hat of magic resistance (worn)
 E - a +0 pair of boots of running (worn)
 H - the +0 pair of boots of Trog's Regard {Str+2 Dex+4 Slay+2 SInv}
   (You bought it in a shop on level 8 of the Dungeon)

   It affects your strength (+2).
   It affects your dexterity (+4).
   It affects your accuracy and damage with ranged weapons and melee attacks
   (+2).
   It lets you see invisible.
 O - a +1 robe of fire resistance (worn)
Magical Staves
 m - an uncursed staff of earth
Jewellery
 f - a +4 ring of evasion (left hand)
 i - a ring of see invisible (right hand)
 j - a +5 ring of intelligence
 k - an uncursed ring of positive energy
 G - an uncursed ring of protection from magic
 I - an amulet of harm (around neck)
Wands
 z - a wand of iceblast (10/15)
 M - a wand of teleportation (3/9)
 U - a wand of disintegration (16/24)
Scrolls
 e - 8 scrolls of identify
 l - 8 scrolls of teleportation
 o - 3 scrolls of fear
 p - 3 scrolls of fog
 u - a scroll of enchant weapon
 B - 12 scrolls of remove curse
 F - a scroll of blinking
 J - 6 scrolls of amnesia
 Q - 3 scrolls of magic mapping
 T - 3 scrolls of recharging
Potions
 d - 2 potions of haste
 h - 3 potions of invisibility
 q - a potion of agility
 s - a potion of resistance
 v - 2 potions of flight
 x - 2 potions of brilliance
 A - 5 potions of curing
 C - 4 potions of cancellation
 K - 3 potions of magic
 L - 4 potions of ambrosia
Books
 r - a book of Debilitation

   Spells                             Type                      Level
   a - Corona                         Hexes                        1
   b - Slow                           Hexes                        2
   c - Gell's Gravitas                Hexes/Translocation          3
   d - Inner Flame                    Hexes/Fire                   3
   e - Cause Fear                     Hexes                        4
   f - Leda's Liquefaction            Hexes/Earth                  4
 t - a book of Frost

   Spells                             Type                      Level
   a - Freeze                         Ice                          1
   b - Throw Frost                    Conjuration/Ice              2
   c - Ozocubu's Armour               Charms/Ice                   3
   d - Throw Icicle                   Conjuration/Ice              4
   e - Summon Ice Beast               Ice/Summoning                4
 V - a book of Enchantments

   Spells                             Type                      Level
   a - Cause Fear                     Hexes                        4
   b - Yara's Violent Unravelling     Hexes/Transmutation          5
   c - Silence                        Hexes/Air                    5
   d - Deflect Missiles               Charms/Air                   6
   e - Discord                        Hexes                        8
 W - a book of Air

   Spells                             Type                      Level
   a - Shock                          Conjuration/Air              1
   b - Swiftness                      Charms/Air                   2
   c - Repel Missiles                 Charms/Air                   2
   d - Static Discharge               Conjuration/Air              3
   e - Lightning Bolt                 Conjuration/Air              5
Comestibles
 c - 15 bread rations
 g - 12 meat rations
 D - 5 beef jerkies


   Skills:
 + Level 6.5 Fighting
 + Level 11.4 Dodging
 - Level 2.6 Stealth
 - Level 17.2 Spellcasting
 - Level 14.4 Conjurations
 - Level 10.9 Charms
 - Level 13.1 Fire Magic
 - Level 5.3 Air Magic
 - Level 12.0 Earth Magic
 - Level 4.0 Poison Magic


You had 17 spell levels left.
You knew the following spells:

 Your Spells              Type           Power        Failure   Level  Hunger
a - Flame Tongue          Conj/Fire      #####        0%          1    None
b - Fireball              Conj/Fire      #######...   1%          5    None
c - Throw Flame           Conj/Fire      ######       0%          2    None
d - Mephitic Cloud        Conj/Pois/Air  ######..     1%          3    None
e - Repel Missiles        Chrm/Air       ######       1%          2    None
f - Blink                 Tloc           N/A          3%          2    None
g - Iskenderun's Battles  Conj/Chrm      #######.     1%          5    None
h - Iron Shot             Conj/Erth      #######...   1%          6    ###....
i - Deflect Missiles      Chrm/Air       ######....   14%         6    ###....


Dungeon Overview and Level Annotations

Branches:
Dungeon (15/15)            Temple (1/1) D:6            Lair (6/6) D:11
  Swamp (0/4) Lair:2       Spider (3/4) Lair:4        Slime (0/5) Lair:5
    Orc (2/2) D:12            Elf (0/3) Orc:2        Vaults (0/5) D:13
 Depths (1/5) D:15

Altars:
Ashenzari
Cheibriados
Dithmenos
Elyvilon
Fedhas
Gozag
Hepliaklqana
Kikubaaqudgha
Makhleb
Nemelex Xobeh
Okawaru
Qazlal
Ru
Sif Muna
Trog
Uskayaw
Vehumet
Xom
Yredelemnul
Zin
The Shining One
Beogh

Shops:
D:8 :*(:[   D:9 }   D:12 (   Orc:1 (   Orc:2 ?(?:

Portals:
Hell: Lair:6
Trove: D:10 (give wand of hasting (9))


Message History

You conjure a globe of magical energy.
You feel sick.
The redback completely misses you. x2; The redback bites you!
You are lethally poisoned!
The redback poisons you!
Casting: Iskenderun's Battlesphere
Confirm with . or Enter, or press ? or * to list all spells.
Aiming: Throw Flame
Press: ? - help, Shift-Dir - straight line, f - redback
Aim: a redback (heavily wounded, clinging)
The puff of flame hits the redback.
You kill the redback!
Vehumet accepts your kill.
You feel your power returning.
* * * LOW HITPOINT WARNING * * *
You feel very sick. The redback bites you!
* * * LOW HITPOINT WARNING * * *
You are more poisoned.
The redback poisons you! The redback bites you!
You die...

......s.. ....... ....#
###### #..######
###..... #.(....#
#.......^ ##.....#
..≈≈≈≈≈≈≈. #...††.##
##...≈#≈≈##≈#
#...#.s..##.....≈≈≈≈≈≈≈#
##.###.@....^≈≈≈#≈ ##≈≈≈
#######*....≈≈≈≈ ≈≈≈≈≈≈
#.........≈≈#≈# .#≈≈#≈
#..........≈#≈#≈#<#≈#≈
#..........≈≈≈#≈...≈#≈
#..##.....≈≈#≈≈≈≈≈≈≈≈≈
####...##.≈≈≈≈#≈###≈#≈
######.≈..#≈≈≈≈≈≈≈.
##..#≈.#≈#≈#≈#≈#


You could see a redback and a friendly battlesphere.

Vanquished Creatures
  Gastronok (D:10)
  A fire giant (D:15)
  A ghost moth (Spider:3)
  An emperor scorpion (Spider:2)
  The ghost of Dioneo the Grappler, a journeyman TrMo of Ru (D:13)
  Snorg (Lair:6)
  7 hydras
  A catoblepas (Lair:3)
  An ogre mage (D:15)
  2 centaur warriors
  3 orc high priests (Orc:2)
  A sun demon (Lair:6)
  Nergalle (D:10)
  8 skeletal warriors (D:13)
  5 unseen horrors
  A wizard (Lair:6)
  9 hill giants
  A wolf spider zombie (D:14)
  Pikel (D:8)
  9 ugly things
  12 orb spiders
  5 orc knights
  9 wolf spiders
  2 cyclopes
  A manticore (D:12)
  3 orc sorcerers (Orc:2)
  A cyclops (shapeshifter) (D:13)
  A moth of wrath (Spider:1)
  Maurice (D:10)
  6 elephants
  3 torpor snails
  2 black mambas
  An orange demon (Lair:6)
  A smoke demon (Lair:6)
  14 spiny frogs
  5 komodo dragons
  7 demonic crawlers
  4 rime drakes
  A kobold demonologist (D:13)
  2 freezing wraiths
  A redback zombie (D:14)
  An efreet (D:15)
  5 ice devils (Lair:6)
  3 meliai (Spider:3)
  2 red devils (Lair:6)
  A hellwing (Lair:6)
  7 trolls
  A jumping spider (shapeshifter) (D:13)
  Grinder (D:5)
  A queen bee (Spider:3)
  4 two-headed ogres
  19 jumping spiders
  13 blink frogs
  15 slime creatures
  6 hornets
  11 hippogriffs
  4 dream sheep (Lair:6)
  2 water elementals
  2 shadows (D:15)
  10 tarantellas
  28 redbacks
  46 yaks
  A wraith (D:14)
  3 wyverns
  A steam dragon (Lair:3)
  2 basilisks
  3 hungry ghosts (D:12)
  3 mottled dragons
  6 wargs
  A mottled dragon (shapeshifter) (D:13)
  16 vampire mosquitoes
  13 water moccasins
  5 porcupines
  A hell hound (Lair:6)
  25 orc warriors
  A swamp drake (D:12)
  5 sky beasts
  A slave (D:8)
  3 black bears
  2 phantoms
  4 ice beasts
  An eye of draining (D:11)
  A necrophage (D:14)
  13 ogres
  16 centaurs
  9 wolves (Lair:3)
  11 crocodiles
  4 big kobolds
  A gnoll sergeant (D:9)
  31 bullfrogs
  6 scorpions
  16 killer bees
  12 wights
  6 electric eels
  A howler monkey (D:8)
  7 crimson imps
  5 centaur zombies
  A jelly (D:12)
  A quasit (D:5)
  7 hounds
  19 orc priests
  A gnoll shaman (D:3)
  2 bullfrog skeletons
  5 centaur skeletons
  5 iguanas
  36 orc wizards
  13 worker ants
  A hound zombie (D:7)
  A worker ant zombie (D:11)
  8 adders
  19 gnolls
  6 shadow imps
  2 oozes (D:3)
  5 worms
  2 adder skeletons
  5 dart slugs
  4 leopard geckos
  92 orcs
  7 giant cockroaches
  9 goblins
  6 hobgoblins
  13 jackals
  4 quokkas
  10 bats
  6 frilled lizards
  A jackal skeleton (D:4)
  A jackal zombie (D:8)
  14 kobolds
  A leopard gecko skeleton (D:5)
  11 rats
  2 plants
876 creatures vanquished.

Vanquished Creatures (others)
  An orc priest (Orc:2)
  4 fungi
  5 plants
10 creatures vanquished.

Grand Total: 886 creatures vanquished

Notes
Turn   | Place    | Note
-------+----------+-------------------------------------------
     0 | D:1      | Ponchio the Deep Elf Fire Elementalist began the quest for the Orb.
     0 | D:1      | Reached XP level 1. HP: 10/10 MP: 6/6
   207 | D:1      | Reached XP level 2. HP: 15/15 MP: 4/8
   399 | D:1      | Reached skill level 4 in Spellcasting
   585 | D:1      | Reached XP level 3. HP: 19/19 MP: 6/11
  1062 | D:2      | Found an ancient bone altar of Kikubaaqudgha.
  1062 | D:2      | Found a bloodstained altar of Trog.
  1069 | D:2      | Found a deep blue altar of Sif Muna.
  1111 | D:2      | Found a glowing silver altar of Zin.
  1148 | D:2      | Reached skill level 5 in Spellcasting
  1834 | D:2      | Found a basalt altar of Yredelemnul.
  2109 | D:3      | Reached XP level 4. HP: 19/24 MP: 2/13
  2469 | D:3      | Reached skill level 6 in Spellcasting
  3076 | D:3      | Noticed a wyvern
  3132 | D:3      | Killed a wyvern
  3132 | D:3      | Reached XP level 5. HP: 8/28 MP: 5/15
  3360 | D:3      | Learned a level 5 spell: Fireball
  3512 | D:3      | Reached XP level 6. HP: 32/32 MP: 10/17
  3562 | D:3      | Reached skill level 5 in Conjurations
  3831 | D:3      | Learned a level 2 spell: Throw Flame
  3976 | D:4      | Found a blossoming altar of Fedhas.
  4177 | D:4      | Noticed a dagger
  4178 | D:4      | Noticed a hand axe
  4185 | D:4      | Found a hide-covered altar of Uskayaw.
  4475 | D:4      | Reached skill level 5 in Fire Magic
  4507 | D:4      | Reached XP level 7. HP: 33/36 MP: 2/18
  4874 | D:4      | Reached skill level 7 in Spellcasting
  4970 | D:4      | Got a polished ring mail
  5164 | D:4      | Reached skill level 8 in Spellcasting
  5290 | D:4      | Identified the +0 ring mail of Ypumiuli {rF++ MR- Str+4 Int+3} (You found it on level 4 of the Dungeon)
  5343 | D:5      | Entered Level 5 of the Dungeon
  5416 | D:5      | Noticed Grinder
  5424 | D:5      | Killed Grinder
  5554 | D:5      | Reached XP level 8. HP: 31/41 MP: 13/22
  6037 | D:5      | Found a sparkling altar of Nemelex Xobeh.
  6077 | D:5      | Found a glowing golden altar of the Shining One.
  6716 | D:6      | You fall through a shaft!
  6760 | D:7      | Noticed a hippogriff
  6766 | D:7      | Killed a hippogriff
  6859 | D:7      | Noticed a hornet
  7055 | D:6      | Learned a level 3 spell: Mephitic Cloud
  7058 | D:6      | Learned a level 2 spell: Repel Missiles
  7061 | D:6      | Learned a level 2 spell: Blink
  7501 | D:6      | Found a staircase to the Ecumenical Temple.
  7510 | Temple   | Entered the Ecumenical Temple
  7539 | Temple   | Became a worshipper of Vehumet
  7990 | D:7      | Found a hazy altar of Hepliaklqana.
  8060 | D:6      | Killed a hornet
  8060 | D:6      | Reached skill level 1 in Poison Magic
  8060 | D:6      | Reached XP level 9. HP: 27/45 MP: 1/23
  8515 | D:7      | Reached skill level 9 in Spellcasting
  8653 | D:7      | Identified a +0 pair of boots of running (You found it on level 7 of the Dungeon)
  9075 | D:8      | Reached * piety under Vehumet
  9075 | D:8      | Offered knowledge of Sandblast by Vehumet.
  9134 | D:8      | Found Zymar's Armour Boutique.
  9284 | D:8      | Reached skill level 5 in Dodging
  9478 | D:8      | Noticed Gastronok
  9479 | D:8      | Found Cukk's Antique Weapon Boutique.
  9734 | D:8      | Found Neuganyi's Assorted Antiques.
  9735 | D:8      | Found Gaxt's Book Shoppe.
 10138 | D:8      | Noticed Pikel
 10145 | D:8      | Killed Pikel
 10317 | D:8      | Found Tomek's Book Shop.
 10498 | D:8      | Bought a pair of warped boots for 275 gold pieces
 10508 | D:8      | Identified the +0 pair of boots of Trog's Regard {Str+2 Dex+4 Slay+2 SInv} (You bought it in a shop on level 8 of the Dungeon)
 10540 | D:9      | Found an iron altar of Okawaru.
 10710 | D:9      | Reached skill level 10 in Spellcasting
 10793 | D:9      | Reached XP level 10. HP: 50/50 MP: 22/26
 11267 | D:9      | Offered knowledge of Sting by Vehumet.
 11285 | D:9      | Reached ** piety under Vehumet
 11607 | D:9      | Found a shattered altar of Ashenzari.
 11667 | D:9      | Reached skill level 11 in Spellcasting
 11906 | D:9      | Found Puar's Gadget Shop.
 12185 | D:10     | Entered Level 10 of the Dungeon
 12326 | D:10     | Noticed Nergalle
 12390 | D:9      | Reached skill level 1 in Fighting
 12707 | D:10     | Identified a scroll of acquirement
 12715 | D:10     | Learned a level 5 spell: Iskenderun's Battlesphere
 12905 | D:10     | Noticed Maurice
 12909 | D:10     | Killed Maurice
 13148 | D:10     | Found a portal to a secret trove of treasure.
 13186 | D:10     | Reached skill level 5 in Charms
 13563 | D:11     | Offered knowledge of Ignite Poison by Vehumet.
 13854 | D:11     | Noticed a cyan ugly thing
 13995 | D:11     | Found a staircase to the Lair.
 14200 | D:11     | Reached XP level 11. HP: 57/57 MP: 17/28
 14202 | D:11     | Reached skill level 1 in Air Magic
 14202 | D:11     | Reached *** piety under Vehumet
 14564 | D:11     | Offered knowledge of Airstrike by Vehumet.
 14844 | D:11     | Reached skill level 10 in Conjurations
 14982 | D:11     | Reached skill level 12 in Spellcasting
 15264 | Lair:1   | Entered Level 1 of the Lair of Beasts
 15805 | D:11     | Reached **** piety under Vehumet
 16555 | D:11     | Killed a cyan ugly thing
 16555 | D:11     | Offered knowledge of Venom Bolt by Vehumet.
 16979 | D:12     | Reached skill level 10 in Dodging
 16983 | D:12     | Reached skill level 13 in Spellcasting
 17107 | D:12     | Found Ecviblaw's Weapon Boutique.
 17225 | D:12     | Got a pair of bloodstained gloves
 17288 | D:12     | Killed an unseen horror
 17449 | D:12     | Identified the +1 pair of gloves of the Sun {Stlth+} (You found it on level 12 of the Dungeon)
 17738 | D:12     | Reached XP level 12. HP: 55/62 MP: 18/31
 17830 | D:12     | Found a staircase to the Orcish Mines.
 18258 | Orc:1    | Entered Level 1 of the Orcish Mines
 18261 | Orc:1    | Reached ***** piety under Vehumet
 18262 | Orc:1    | Offered knowledge of Conjure Ball Lightning by Vehumet.
 18519 | Orc:2    | Entered Level 2 of the Orcish Mines
 18665 | Orc:1    | Reached skill level 14 in Spellcasting
 18831 | Orc:2    | Found a staircase to the Elven Halls.
 19016 | Orc:2    | Found a roughly hewn altar of Beogh.
 19207 | Orc:2    | Noticed an orc high priest
 19208 | Orc:2    | Noticed an orc high priest
 19210 | Orc:2    | Killed an orc high priest
 19211 | Orc:2    | Killed an orc high priest
 19211 | Orc:2    | Reached skill level 15 in Spellcasting
 19893 | Orc:2    | Noticed an orc high priest
 19895 | Orc:2    | Killed an orc high priest
 19980 | Orc:2    | Found Weuzere's Book Emporium.
 19980 | Orc:2    | Found Xakh's Magic Scroll Boutique.
 19983 | Orc:2    | Found Vubi's Magic Scroll Emporium.
 19983 | Orc:2    | Found Deit's Antique Weapon Boutique.
 19999 | Orc:2    | Bought a scroll of magic mapping for 35 gold pieces
 20347 | Orc:2    | Bought a book of the Earth for 975 gold pieces
 20354 | Orc:2    | Learned a level 6 spell: Iron Shot
 20487 | Orc:1    | Found Kauluit's Weapon Boutique.
 20855 | Lair:1   | Reached skill level 1 in Earth Magic
 21184 | Lair:1   | Reached XP level 13. HP: 66/66 MP: 13/34
 21520 | Lair:1   | Offered knowledge of Poisonous Cloud by Vehumet.
 21980 | Lair:2   | Found a staircase to the Swamp.
 23350 | Lair:3   | Reached skill level 5 in Fighting
 24276 | Lair:4   | Found a hole to the Spider Nest.
 25017 | Lair:5   | Found a staircase to the Slime Pits.
 25056 | Lair:5   | Reached skill level 5 in Earth Magic
 25635 | Lair:6   | Entered Level 6 of the Lair of Beasts
 26120 | Lair:6   | Noticed Snorg
 26123 | Lair:6   | Killed Snorg
 26284 | Lair:5   | Offered knowledge of Bolt of Draining by Vehumet.
 26284 | Lair:5   | Reached skill level 10 in Fire Magic
 26629 | Lair:6   | Reached XP level 14. HP: 78/78 MP: 26/35
 27728 | Lair:6   | Found a burning altar of Makhleb.
 28454 | Lair:6   | Found a gateway to Hell.
 29133 | Orc:2    | Bought a scroll of acquirement for 780 gold pieces
 29435 | D:10     | Killed Nergalle
 29507 | D:10     | Killed Gastronok
 29667 | D:13     | Noticed Dioneo's ghost (journeyman TrMo)
 29671 | D:13     | Killed Dioneo's ghost
 29671 | D:13     | Reached skill level 10 in Earth Magic
 29684 | D:13     | Offered knowledge of Ozocubu's Refrigeration by Vehumet.
 30847 | D:13     | Reached skill level 16 in Spellcasting
 31304 | D:13     | Found a gate to the Vaults.
 31716 | D:14     | Offered knowledge of Delayed Fireball by Vehumet.
 31739 | D:14     | Reached XP level 15. HP: 83/83 MP: 32/37
 33046 | D:15     | Entered Level 15 of the Dungeon
 33318 | D:15     | Learned a level 6 spell: Deflect Missiles
 33352 | D:15     | Found a staircase to the Depths.
 33352 | D:15     | Noticed a fire giant
 33355 | D:15     | Killed a fire giant
 33509 | D:15     | Reached skill level 10 in Charms
 34182 | D:15     | Found a sacrificial altar of Ru.
 34470 | D:15     | Upgraded the game from 0.19.0-2-gae57169 to 0.19.0-9-gfd783f2
 34999 | Depths:1 | Entered Level 1 of the Depths
 35265 | D:11     | Reached skill level 5 in Air Magic
 35503 | Spider:1 | Entered Level 1 of the Spider Nest
 36408 | Spider:2 | Reached skill level 17 in Spellcasting
 36639 | Spider:2 | Reached ****** piety under Vehumet
 36639 | Spider:2 | Offered knowledge of Poison Arrow by Vehumet.
 37296 | Spider:3 | Reached XP level 16. HP: 88/88 MP: 24/39
 38183 | Spider:3 | Mangled by a redback

Skill      XL: |  1  2  3  4  5  6  7  8  9 10 11 12 13 14 15 16 |
---------------+-------------------------------------------------+-----
Spellcasting   | 4 5 6 8 10 11 13 15 16 17 | 17.2
Conjurations   | 4 5 8 9 11 12 13 14 | 14.4
Fire Magic     | 5 6 8 10 12 13 | 13.1
Poison Magic   | 1 3 4 |  4.0
Dodging        | 8 10 11 | 11.4
Fighting       | 1 5 6 |  6.5
Charms         | 8 9 10 | 10.9
Air Magic      | 2 5 |  5.3
Earth Magic    | 4 7 10 12 | 12.0
Stealth        | |  2.6

Action                   |  1- 3 |  4- 6 |  7- 9 | 10-12 | 13-15 | 16-18 || total
-------------------------+-------+-------+-------+-------+-------+-------++-------
Melee: Dagger            |    11 |       |       |       |       |       ||    11
       Whip              |       |    45 |    91 |   295 |    58 |     1 ||   490
 Cast: Flame Tongue      |    91 |    65 |    82 |   213 |   101 |    10 ||   562
       Throw Flame       |       |    22 |   181 |   173 |   270 |    29 ||   675
       Fireball          |       |       |    12 |   128 |   172 |    13 ||   325
       Mephitic Cloud    |       |       |     4 |    25 |     1 |       ||    30
       Repel Missiles    |       |       |     1 |     1 |       |       ||     2
       Iskenderun's Batt |       |       |       |    42 |    51 |     8 ||   101
       Iron Shot         |       |       |       |     3 |   138 |     1 ||   142
       Blink             |       |       |       |     2 |       |     1 ||     3
       Deflect Missiles  |       |       |       |       |     1 |       ||     1
Evoke: Wand              |       |     2 |       |       |     2 |       ||     4
  Use: Scroll            |    10 |     1 |    12 |     6 |    14 |       ||    43
       Potion            |       |     2 |       |     4 |       |       ||     6
 Stab: Sleeping          |       |     4 |     1 |     1 |       |       ||     6
  Eat: Chunk             |     3 |     6 |    19 |    27 |    43 |       ||    98
       Beef jerky        |       |     1 |       |     7 |     3 |       ||    11
       Pizza             |       |       |     2 |     3 |       |       ||     5
       Fruit             |       |       |       |       |    12 |     3 ||    15
Armor: Robe              |     6 |    13 |    26 |    69 |    24 |     2 ||   140
Dodge: Dodged            |    25 |    68 |   111 |   394 |   186 |    19 ||   803
       Deflected         |       |       |       |     1 |     6 |       ||     7
